[Event "*** Titled Tuesday 3|2 Blitz"]
[Site "Chess.com"]
[Date "2017.03.07"]
[Round "9"]
[White "ZEN-22"]
[Black "AlexanderL"]
[Result "1/2-1/2"]
[WhiteElo "2368"]
[BlackElo "2542"]
[TimeControl "180+2"]
[EndTime "15:09:47 PST"]
[Termination "Game drawn by agreement"]

1. e4 e6 2. d4 d5 3. Nc3 dxe4 4.
Nxe4 Nd7 5. c4 Ngf6 6. Nc3 Be7 7. Nf3 O-O 8. g3 c5 9. Bg2 cxd4 10. Nxd4 Nb6 11.
b3 e5 12. Nde2 a6 13. Be3 Qc7 14. O-O Be6 15. h3 Rfd8 16. Qc2 Rac8 17. Rad1 Nbd7 18. a4 Bc5 19. Kh2 Bxe3 20. fxe3 Qb6 21. a5 Qxa5 22. Bxb7 Rb8 23. Bg2 Qb6 24. Nc1 Qxe3 25. Rfe1 Qb6 26. Qa2 h6 27. Rd2 Nc5 28. Rxd8+ Rxd8 29. Rxe5 Nd3 30.
Nxd3 Rxd3 31. Qc2 Qd6 32. Ne2 Rxg3 33. Rxe6 Rxg2+ 34. Kxg2 Qxe6 35. c5 Nd5 36. Kf2 Qe3+ 37. Kf1 Qxh3+ 38. Ke1 Qh4+ 39. Kd2 Qb4+ 40. Kc1 Qa3+ 41.
Kb1 Nb4 42. Qc3 Qa2+ 43. Kc1 Qxe2 44. Qxb4 h5 45. Qb8+ Kh7 46. Qf4 f6 47. Qf5+ Kh6 48.
Qf4+ Kg6 49. Qg3+ Kf7 50. Qc7+ Qe7 51. Qb6 Qe6 52. c6 h4 53. Qb7+ Kg6 54. c7 Qe1+ 55.
Kb2 Qd2+ 56. Kb1 Qd1+ 57. Ka2 Qd2+ 58. Ka1 Qd1+ 59. Kb2 Qd2+ 60. Kb1 Qd1+ 61. Kb2 Qd2+ 62. Ka3 Qa5+ 1/2-1/2

[Event "*** Titled Tuesday 3|2 Blitz"]
[Site "Chess.com"]
[Date "2017.03.07"]
[Round "9"]
[White "arna"]
[Black "gkchesstiger"]
[Result "0-1"]
[WhiteElo "2258"]
[BlackElo "2632"]
[TimeControl "180+2"]
[EndTime "15:09:48 PST"]
[Termination "gkchesstiger won by resignation"]

1. e4 b6 2. d4 Bb7 3. Nc3 e6 4.
Bd3 g6 5. h4 Bg7 6. Be3 h6 7. Qd2 d6 8. f3 Nd7 9. Nge2 a6 10. Nd1 c5 11. c3 Ngf6 12. Nf2 Qc7 13. Rc1 b5 14. a4 c4 15. Bc2 e5 16. Ra1 h5 17. axb5 axb5 18. Rxa8+ Bxa8 19. d5 Nc5 20. g4 Bb7 21. Ng3 Bc8 22. g5 Nfd7 23. O-O O-O 24. Kg2 Nb6 25. Ra1 Nba4 26. Bxa4 Nxa4 27. Ne2 Bd7 28.
f4 exf4 29. Bd4 Be5 30. Nxf4 Nc5 31. Qe3 Re8 32. Re1 Nb3 33. Bxe5 dxe5 34. Ne2 Ra8 35.
Nc1 Nc5 36. Qd2 Qd6 37. Re2 Ra1 38. Re1 Kg7 39. Ne2 Ra2 40. Nc1 Ra8 41. Ne2 Nb3 42. Qe3 Qc5 43. Qxc5 Nxc5 44. Kf3 f6 45. gxf6+ Kxf6 46. Rg1 Ra2 47. Rb1 Na4 48. Nd1 Bg4+ 49. Ke3 Bxe2 50. Kxe2 g5 51. hxg5+ Kxg5 52. Kf3 h4 53. Ke3 h3 54. Kf3 h2 55. Kg2 Kf4 56. d6 Nc5 57. Nf2 Nd3 58. Nxd3+ cxd3 59. d7 Ra8 60. Kxh2 Rd8 61.
Rg1 Rxd7 62. Kg2 Rg7+ 63. Kf2 Rxg1 0-1

[Event "*** Titled Tuesday 3|2 Blitz"]
[Site "Chess.com"]
[Date "2017.03.07"]
[Round "9"]
[White "peteseeger"]
[Black "politeplayer"]
[Result "1/2-1/2"]
[WhiteElo "2104"]
[BlackElo "2037"]
[TimeControl "180+2"]
[EndTime "15:09:53 PST"]
[Termination "Game drawn - insufficient material"]

1. e4 c5 2. Nf3 Nc6 3. Bb5 d6 4.
d4 cxd4 5. Qxd4 Bd7 6. Bxc6 Bxc6 7. Nc3 Nf6 8. Bg5 e6 9. Qd3 Be7 10. Nd4 Rc8 11. f4 O-O 12. O-O-O Qa5 13. Kb1 Rfd8 14. f5 e5 15. Bxf6 Bxf6 16. Nde2 b5 17. g4 b4 18. Nd5 Bxd5 19. Qxd5 Rc5 20. Qd3 Rdc8 21. Nc1 Qc7 22. Qxd6 Rxc2 23. Qxc7 R8xc7 24. Nd3 a5 25. Rc1 Rxc1+ 26. Rxc1 Rxc1+ 27. Kxc1 h5 28.
gxh5 Kh7 29. Kc2 Kh6 30. Kb3 Kxh5 31. Ka4 Kg4 32. Kxa5 Kf3 33. Nc5 Be7 34. Kxb4 Bxc5+ 35. Kxc5 Kxe4 36. a4 Kd3 37. a5 e4 38. a6 e3 39.
a7 e2 40. a8=Q e1=Q 41. Qd8+ Kc2 42. Qd4 Qa5+ 43. Kd6 Qxf5 44. Qxg7 Qe6+ 45. Kc5 Qe7+ 46. Kb5 Qb7+ 47. Kc5 Qc7+ 48. Kd5 Qxh2 49. Qxf7 Qg2+ 50. Ke6 Kxb2 51. Qf6+ Kc2 52. Qf5+ Kb2 53. Qf6+ Kb1 54. Qf5+ Qc2 55. Qxc2+ Kxc2 1/2-1/2

[Event "*** Titled Tuesday 3|2 Blitz"]
[Site "Chess.com"]
[Date "2017.03.07"]
[Round "9"]
[White "DeviatkinAndrey"]
[Black "Yaacovn"]
[Result "0-1"]
[WhiteElo "2540"]
[BlackElo "2603"]
[TimeControl "180+2"]
[EndTime "15:09:57 PST"]
[Termination "Yaacovn won by resignation"]

1. c4 b6 2. g3 Bb7 3. Nf3 Bxf3 4.
exf3 c5 5. d4 cxd4 6. Qxd4 Nc6 7. Qd1 e6 8. Nc3 Nf6 9. Bg2 Bb4 10. Bd2 O-O 11. a3 Bxc3 12. Bxc3 d5 13. f4 Rc8 14.
cxd5 Nxd5 15. Rc1 Nxc3 16. Rxc3 Qxd1+ 17. Kxd1 Rfd8+ 18. Kc1 Nd4 19. Rxc8 Rxc8+ 20. Kb1 Kf8 21. Rc1 Rxc1+ 22. Kxc1 Ke7 23. Kd2 Kd6 24. Kd3 Nb5 25. a4 Nc7 26. b4 h6 27. Kc4 f6 28. Be4 Kd7 29. Bb7 Ke7 30. Kd4 Kd6 31. Bg2 Ke7 32.
Be4 Kd7 33. h4 Kd6 34. Bg2 Kd7 35. g4 Ke7 36. g5 Kd6 37. gxh6 gxh6 38. Be4 Na6 39.
Kc4 Nc7 40. Bf3 Kd7 41. Kd4 Ne8 42. Be2 Nd6 43. Bd3 Ke7 44. a5 Kd7 45. axb6 axb6 46.
b5 Nb7 47. Be4 Nc5 48. Bc2 Kd6 49. Bb1 Nd7 50. Be4 f5 51. Bc2 Nf6 52. Bb3 Ng4 53.
f3 Nf6 54. Ba2 h5 55. Bb3 Nd5 56. Bc4 Nxf4 57. Bf1 e5+ 58. Kc3 Ng6 59. Kd2 Nxh4 60. Be2 Ng6 61. Ke3 Nf4 62. Bc4 h4 63. Bf7 h3 64.
Bd5 h2 0-1

[Event "*** Titled Tuesday 3|2 Blitz"]
[Site "Chess.com"]
[Date "2017.03.07"]
[Round "9"]
[White "Schoenbrunn"]
[Black "Grootneus"]
[Result "0-1"]
[WhiteElo "1862"]
[BlackElo "2144"]
[TimeControl "180+2"]
[EndTime "15:09:57 PST"]
[Termination "Grootneus won on time"]

1. e4 d6 2. d4 g5 3. Bxg5 Bg7 4. c3 Nf6 5. Bd3 c5 6. Ne2 Nc6 7. Nd2 Qb6 8. Nc4 Qc7 9. d5 Nb8 10.
a4 Nbd7 11. a5 Ng4 12. f4 Rb8 13. Qd2 b5 14. axb6 axb6 15. h3 Ngf6 16. O-O b5 17. Ne3 c4 18. Nf5 cxd3 19. Nxg7+ Kf8 20. Bh6 Kg8 21.
Qxd3 Nc5 22. Qg3 Ncxe4 23. Qf3 Qc5+ 24. Nd4 Qxd5 25. Rad1 Qc5 26. Rfe1 Bb7 27. Kh2 b4 28. Rxe4 Bxe4 29. Qg3 Bg6 30. f5 bxc3 31. bxc3 Qe5 32.
fxg6 hxg6 33. Bf4 Qc5 34. Nge6 Qd5 35. Nc7 Qb7 36. Bxd6 exd6 37. Qxd6 Kg7 38. Nd5 Qxd5 39. Qxd5 Nxd5 40. Nc6 Nxc3 41. Rd7 Rb6 42. Ne5 Rf6 43. Rc7 Ne4 44. Nd7 Rf2 45. Kg1 Ra2 46. Ne5 Rf8 47. Nc4 Rc2 48. Re7 Rxc4 49. h4 Kf6 0-1

[Event "*** Titled Tuesday 3|2 Blitz"]
[Site "Chess.com"]
[Date "2017.03.07"]
[Round "9"]
[White "Vrolijk"]
[Black "manubibi"]
[Result "0-1"]
[WhiteElo "2301"]
[BlackElo "2407"]
[TimeControl "180+2"]
[EndTime "15:10:01 PST"]
[Termination "manubibi won by resignation"]

1. d4 Nf6 2. c4 g6 3. f3 Bg7 4. e4 O-O 5. Nc3 d6 6. Nge2 c5 7. d5 e6 8. Ng3 exd5 9. cxd5 a6 10.
a4 h5 11. Bg5 Re8 12. Be2 Nbd7 13. O-O Qc7 14. Qd2 Rb8 15. Rac1 Nh7 16. Be3 h4 17.
Nh1 f5 18. Nf2 Ne5 19. exf5 gxf5 20. Nh3 Ng6 21. Bf2 Bd7 22. Bd3 b5 23. axb5 axb5 24.
b4 c4 25. Bb1 Qd8 26. Rfe1 Qf6 27. Ne2 Qb2 28. Rc2 Qf6 29. Nd4 Rxe1+ 30. Qxe1 Re8 31. Re2 Rxe2 32. Qxe2 Ne7 33. Nf4 Qe5 34. g3 hxg3 35.
hxg3 Nxd5 36. Nxd5 Qxd5 37. Qe7 Bxd4 38. Qxd7 Bxf2+ 39.
Kxf2 Qd2+ 40. Kg1 Qe1+ 41. Kg2 Qxb1 42. Qe6+ Kh8 43. Qe8+ Kg7 44. Qe7+ Kg6 45. Qe8+ Kf6 46. Qd8+ Kf7 47. Qd7+ Kg8 48. Qe6+ Kg7 49. Qe7+ Kg6 50. Qe8+ Kf6 51. Qh8+ Ke6 52. Qg8+ Ke5 53. Qxh7 Qxb4 54. Qg7+ Kd5 55. Qf7+ Kc6 56. Qxf5 Qd2+ 57. Kh3 c3 58. Qc8+ Kb6 59. Qb8+ Kc5 60. Qc7+ Kb4 0-1

[Event "*** Titled Tuesday 3|2 Blitz"]
[Site "Chess.com"]
[Date "2017.03.07"]
[Round "9"]
[White "MatBobula"]
[Black "rithwik2002"]
[Result "1-0"]
[WhiteElo "2276"]
[BlackElo "1785"]
[TimeControl "180+2"]
[EndTime "15:10:13 PST"]
[Termination "MatBobula won by resignation"]

1. d4 Nf6 2. c4 e6 3. Nf3 d5 4.
Nc3 Nbd7 5. Bg5 c6 6. e3 Qa5 7.
Nd2 dxc4 8. Bxf6 Nxf6 9. Nxc4 Qc7 10. Be2 Be7 11. O-O O-O 12. Qc2 b6 13. Rac1 Bb7 14.
Bf3 Rac8 15. Rfd1 Qb8 16. e4 Rfd8 17. e5 Nd5 18. Ne4 c5 19. Ncd6 Bxd6 20. Nxd6 Rc7 21. h3 Nb4 22. Qb3 Bxf3 23. Qxf3 cxd4 24. Rxc7 Qxc7 25.
Rxd4 Nd5 26. Rc4 Qd7 27. Rg4 g6 28. Qg3 f6 29. Ne4 fxe5 30. Qxe5 Qg7 31. Rg5 Qxe5 32.
Rxe5 Kf7 33. g3 h6 34. Kf1 Nf6 35. Ke2 Rd4 36. Nxf6 Kxf6 37. Re3 e5 38. Rc3 Rd7 39. a3 Ke6 40. Ke3 a5 41. Ke4 Rd4+ 42. Ke3 Rd6 43.
Rc8 Kd5 44. Rh8 h5 45. h4 Kc4 46. Re8 Kb3 47. Rxe5 Kxb2 48. a4 Ka3 49. Re4 Rc6 50.
f4 Rc3+ 51. Kf2 Rc6 52. Kf3 Kb3 53. g4 Rc3+ 54. Re3 hxg4+ 55. Kf2 Rxe3 56. Kxe3 Kc4 57.
f5 gxf5 58. h5 Kd5 59. h6 Kd6 60. h7 1-0

[Event "*** Titled Tuesday 3|2 Blitz"]
[Site "Chess.com"]
[Date "2017.03.07"]
[Round "9"]
[White "AnthonyWirig"]
[Black "TheNextLevelFan"]
[Result "0-1"]
[WhiteElo "2536"]
[BlackElo "2396"]
[TimeControl "180+2"]
[EndTime "15:10:15 PST"]
[Termination "TheNextLevelFan won by resignation"]

1. e4 e5 2. Nf3 Nc6 3. Bc4 Bc5 4.
d3 Nf6 5. c3 Bb6 6. Bb3 O-O 7.
h3 h6 8. Nbd2 d6 9. Nf1 Be6 10.
Ng3 Qd7 11. Be3 Rad8 12. Qd2 Bxe3 13. fxe3 d5 14. exd5 Nxd5 15. O-O Nb6 16. d4 Bxb3 17. axb3 Qe6 18. Qc2 a6 19. Rae1 Rfe8 20. b4 Nd7 21.
Re2 Nf8 22. Ref2 Qg6 23. Nf5 Rd7 24. N3h4 Qg5 25. Rf3 Ne6 26. Rg3 Qh5 27. Qf2 Ng5 28.
Nxg7 Kxg7 29. Qf6+ Kh7 30. Nf5 Qg6 31. Nxh6 Qxf6 32. Rxf6 Ne4 33. Nxf7 Nxf6 34. Ng5+ Kg6 35. Ne6+ Kf7 36. Nc5 Rdd8 37. Nxb7 Rb8 38. Nc5 exd4 39. exd4 Ne4 40. Rf3+ Kg6 41. Nxa6 Rbc8 42. b5 Ne7 43. c4 Nf5 44. d5 Nd4 45. Rd3 Ne2+ 46. Kh2 Nf4 47. Rd4 Kf5 48. Rd1 Rg8 49. g4+ Ke5 50. Nb4 Rh8 51. Nc6+ Kf6 52. Rd4 Rxh3+ 53. Kg1 Ne2+ 54. Kg2 Nxd4 55. Kxh3 Nxc6 56. dxc6 Nd2 57. c5 Rb8 58. b6 Nc4 59. bxc7 Rc8 60. b3 Ne5 61. b4 Rxc7 62. b5 Nxc6 0-1

[Event "*** Titled Tuesday 3|2 Blitz"]
[Site "Chess.com"]
[Date "2017.03.07"]
[Round "9"]
[White "PelinGorki"]
[Black "Noukii"]
[Result "0-1"]
[WhiteElo "2423"]
[BlackElo "2652"]
[TimeControl "180+2"]
[EndTime "15:10:24 PST"]
[Termination "Noukii won by resignation"]

1. e4 e5 2. Nc3 Nf6 3. Bc4 Bc5 4.
d3 d6 5. f4 Nc6 6. Nf3 O-O 7.
Na4 Bg4 8. Nxc5 dxc5 9. c3 Qd6 10. h3 Bxf3 11. Qxf3 Rad8 12. O-O a6 13. a4 Kh8 14.
a5 Qe7 15. f5 Ne8 16. g4 Nd6 17. Bd5 Qh4 18. Be3 Ne7 19. Bf2 Qh6 20. Bb3 c4 21. dxc4 f6 22. Be3 Qh4 23. c5 Nf7 24. Bxf7 Rxf7 25.
Rfd1 Rff8 26. Kg2 g6 27. Rxd8 Rxd8 28. Rd1 Rxd1 29. Qxd1 gxf5 30. Qd8+ Ng8 31. exf5 h5 32. Qd1 Ne7 33. b4 hxg4 34. hxg4 Kg7 35. c4 Kf7 36. b5 c6 37. bxa6 bxa6 38. Qf3 Ke8 39. Qh3 Qe1 40. Bf2 Qe4+ 41. Qf3 Qxc4 42. g5 fxg5 43. Qh5+ Qf7 44. Qxg5 Qxf5 45. Qc1 Nd5 46. Bg3 e4 47. Qb2 Ne3+ 48. Kh2 Nf1+ 49. Kg1 Nxg3 50. Qb8+ Kf7 51. Qc7+ Kg6 52. Qxg3+ Qg5 53.
Kf2 Qxg3+ 54. Kxg3 Kf5 55. Kf2 Ke5 56. Ke3 Kd5 57.
Kf4 Kd4 0-1

[Event "*** Titled Tuesday 3|2 Blitz"]
[Site "Chess.com"]
[Date "2017.03.07"]
[Round "9"]
[White "Dlugy"]
[Black "pKiLz5Rn9b"]
[Result "1-0"]
[WhiteElo "2667"]
[BlackElo "2551"]
[TimeControl "180+2"]
[EndTime "15:10:29 PST"]
[Termination "Dlugy won by resignation"]

1. d4 Nf6 2. Bf4 e6 3. e3 d5 4. Nd2 Bd6 5. Bg3 O-O 6. Ngf3 b6 7. Ne5 c5 8. c3 Bb7 9. Bd3 Nc6 10. O-O Qc7 11. f4 Ne7 12. Qb1 Rae8 13. Bh4 Ng6 14. Bg5 Be7 15. Bxf6 Bxf6 16. Rf3 Bd8 17. Rh3 f5 18. Nxg6 hxg6 19. Nf3 Bf6 20. Qe1 Kf7 21. Qe2 Rc8 22. Ba6 Bxa6 23. Qxa6 c4 24. a4 Qd7 25.
Qb5 Rfd8 26. Ne1 Ra8 27. Nc2 a6 28. Qxd7+ Rxd7 29. a5 bxa5 30. Rxa5 Rb7 31. Nb4 Be7 32. Nc6 Bd6 33. Ra2 Rb6 34. Ne5+ Bxe5 35. fxe5 Rab8 36. Rf3 Rxb2 37. Rxa6 Rc2 38. Ra7+ Kf8 39. h3 Rxc3 40. Rg3 Rcb3 41. Rxg6 R3b7 42. Rxb7 Rxb7 43. Rxe6 Rc7 44.
Ra6 Ke7 45. Kf2 Rb7 46. Ra5 Ke6 47. Ra6+ Ke7 48. Rd6 Rb2+ 49. Kf3 Rb5 50. h4 Ra5 51. h5 Rb5 52. g3 Ra5 53. Kf4 Ra1 54. Rxd5 Rc1 55.
Kxf5 c3 56. Rc5 c2 57. Ke4 Ke6 58. d5+ Kd7 59. e6+ Kd6 60. Rc6+ Ke7 61. Ke5 Re1 62. d6+ Kd8 63. e7+ 1-0

[Event "*** Titled Tuesday 3|2 Blitz"]
[Site "Chess.com"]
[Date "2017.03.07"]
[Round "9"]
[White "AdrianaNikolova"]
[Black "mwpchess"]
[Result "1-0"]
[WhiteElo "2330"]
[BlackElo "2373"]
[TimeControl "180+2"]
[EndTime "15:10:49 PST"]
[Termination "AdrianaNikolova won on time"]

1. e4 c6 2. d4 d5 3. Nd2 dxe4 4.
Nxe4 Bf5 5. Ng3 Bg6 6. h4 h6 7. Nf3 Nd7 8. Bd3 Bxd3 9. Qxd3 e6 10. Bd2 Ngf6 11. O-O-O Be7 12. Ne4 Nxe4 13. Qxe4 Nf6 14.
Qe2 Qd5 15. Kb1 Qe4 16. Be3 Nd5 17. Ne5 Nxe3 18. fxe3 Bf6 19. Nd3 O-O-O 20. Nc5 Qg6 21. g4 Be7 22. Nd3 Bd6 23. e4 Bc7 24. c3 e5 25. Nc5 exd4 26. cxd4 Bb6 27. Nb3 Rhe8 28.
Rhe1 f6 29. h5 Qf7 30. Rd3 Kb8 31. e5 fxe5 32. dxe5 Rxd3 33. Qxd3 Qe6 34. Qf5 a5 35. Qxe6 Rxe6 36. Nd2 Bc7 37. Nf3 Kc8 38. Kc2 g6 39. Kd3 gxh5 40. gxh5 Kd7 41. Ke4 Bb6 42. Kf5 Ke7 43. Nh4 Bd4 44. Ng6+ Kf7 45. Rd1 c5 46.
Rf1 b6 47. Ke4+ Kg7 48. Kd5 Re8 49. e6 Bxb2 50. Rf7+ Kg8 51. Kd6 c4 52. Rc7 b5 53.
Kd7 Rb8 54. Rc5 c3 55. Ne7+ Kg7 56. Nd5 b4 57. e7 Rb7+ 58. Nc7 1-0

[Event "*** Titled Tuesday 3|2 Blitz"]
[Site "Chess.com"]
[Date "2017.03.07"]
[Round "9"]
[White "kereswasbest"]
[Black "poummba"]
[Result "0-1"]
[WhiteElo "2051"]
[BlackElo "2352"]
[TimeControl "180+2"]
[EndTime "15:10:52 PST"]
[Termination "poummba won by resignation"]

1. d4 g6 2. e4 Bg7 3. Nf3 d6 4. Nc3 Nf6 5. Be2 O-O 6. O-O c6 7. h3 b5 8. a3 Bb7 9. Bg5 Nbd7 10. Qd2 Qc7 11. Bh6 a6 12. Rfe1 c5 13. d5 b4 14.
Bxg7 Kxg7 15. axb4 cxb4 16. Na4 Nxe4 17. Qxb4 Ndf6 18.
c4 a5 19. Qa3 Rfc8 20. Bd3 Nc5 21. Nxc5 dxc5 22. Qc3 Kg8 23. Re2 Re8 24. b3 Nh5 25.
Rea2 Nf4 26. Bf1 e6 27. dxe6 Rxe6 28. Rxa5 Rxa5 29. Rxa5 Nxh3+ 30. gxh3 Bxf3 31. Bg2 Bxg2 32. Kxg2 Qc6+ 33. Qf3 Qxf3+ 34. Kxf3 Rb6 35. Rb5 Rf6+ 36. Ke4 Rf5 37. f4 Kg7 38. Rb6 Kh6 39. Rd6 Rh5 40. Rd3 f6 41. Rg3 Kg7 42. Rd3 Kf7 43. h4 Rxh4 44. Rd5 Rh3 45. Rxc5 Rxb3 46. Rc7+ Ke6 47. Rxh7 f5+ 48. Kd4 Rf3 49. Rh4 Rf1 50. c5 Rd1+ 51. Kc4 Rc1+ 52. Kb5 Kd5 53. Rh2 Rb1+ 54. Ka6 Kc6 55.
Ka7 Kxc5 56. Rg2 Kd5 57. Rxg6 Ke4 58. Rg8 Kxf4 59. Rf8 Kg4 60. Rg8+ Kf3 61. Rg1 Rxg1 0-1

[Event "*** Titled Tuesday 3|2 Blitz"]
[Site "Chess.com"]
[Date "2017.03.07"]
[Round "9"]
[White "macko06"]
[Black "amaidel"]
[Result "1-0"]
[WhiteElo "2356"]
[BlackElo "2440"]
[TimeControl "180+2"]
[EndTime "15:11:14 PST"]
[Termination "macko06 won by resignation"]

1. e4 e6 2. d3 d5 3. Nd2 Nf6 4.
Ngf3 Be7 5. g3 O-O 6. Bg2 c5 7. O-O Nc6 8. Re1 b5 9. e5 Nd7 10. Nf1 a5 11. h4 a4 12. N1h2 Qc7 13. Bf4 b4 14. h5 b3 15. axb3 Bb7 16. bxa4 Nb4 17.
h6 g6 18. Ng4 d4 19. c4 dxc3 20.
bxc3 Nd5 21. Bd2 c4 22. d4 Ra5 23. Ng5 Bxg5 24. Bxg5 Rfa8 25. Qc2 Bc6 26. Qd2 Rxa4 27.
Rxa4 Rxa4 28. Rb1 Qa7 29. Kh2 Ra2 30. Rb2 Ra1 31. Rc2 Qa8 32. Qe2 Nxc3 33. Rxc3 Bxg2 34.
f3 Bf1 35. Qe3 Bd3 36. Nf2 Ra2 37. Kg2 Re2 38. Qc1 Qa2 39. Be3 Nb6 40. Ra3 Qb2 41. Qxb2 Rxb2 42. d5 Kf8 43. d6 Ke8 44. g4 Nd5 45. Bd4 Re2 46. Kg3 Bc2 47. Ra8+ Kd7 48. Ra7+ Ke8 49. Nh3 c3 50. Ra3 Bd1 51. Bxc3 Re3 52. Ra8+ Kd7 53. Ba5 Rxf3+ 54. Kh4 f6 55. Ra7+ Kc6 56. d7 g5+ 57. Nxg5 fxg5+ 58. Kxg5 Rf8 59.
d8=Q Rxd8 60. Bxd8 Bc2 61. Bf6 Ne3 62. Ra6+ Kd5 63. Rd6+ Ke4 64. Rxe6 Kf3 65. Rc6 Be4 66. Rc3 Kf2 67. e6 Nd5 68. Bd4+ Ke2 69. Rc5 Kd3 70. Bg1 1-0

[Event "*** Titled Tuesday 3|2 Blitz"]
[Site "Chess.com"]
[Date "2017.03.07"]
[Round "9"]
[White "GMHess"]
[Black "igorkovalenko"]
[Result "1-0"]
[WhiteElo "2600"]
[BlackElo "2685"]
[TimeControl "180+2"]
[EndTime "15:11:17 PST"]
[Termination "GMHess won by checkmate"]

1. d4 Nf6 2. c4 e6 3. Nc3 Bb4 4.
Qc2 d6 5. g3 c5 6. dxc5 dxc5 7.
Bg2 Nc6 8. Bxc6+ bxc6 9. Nf3 O-O 10. O-O Re8 11. Bf4 Bxc3 12. Qxc3 h6 13. Rfd1 Qb6 14.
Be5 Ne4 15. Qe3 f5 16. Rd3 Re7 17. Rad1 Ba6 18. b3 Rae8 19. Nh4 Kh7 20. f3 Ng5 21. Bd6 Rf7 22. Bxc5 Qa5 23. a4 e5 24. Rd7 Bc8 25.
Rxf7 Nxf7 26. Bxa7 g5 27. Ng2 Be6 28. Qb6 Qc3 29. Qe3 Qc2 30. Rc1 Qb2 31. Qc3 Qxe2 32. Re1 Qa2 33. a5 g4 34. fxg4 Ng5 35. gxf5 Bxf5 36. Nh4 Be4 37. Rxe4 Nxe4 38. Qf3 Qb1+ 39. Kg2 Qc2+ 40. Kh1 Ng5 41. Qf6 Qe4+ 42. Kg1 Qb1+ 43.
Kg2 Qc2+ 44. Kg1 Qb1+ 45. Kg2 Qe4+ 46. Kg1 Re6 47. Qd8 Qb1+ 48. Kg2 Qe4+ 49. Kg1 Nh3+ 50. Kf1 Qh1+ 51. Ke2 Qxh2+ 52. Kd1 Qh1+ 53. Kc2 Qe4+ 54.
Kb2 Qe2+ 55. Ka3 Qg4 56. Qd7+ Kg8 57. Qd8+ Kf7 58. Qd7+ Kg8 59. Bc5 Ng5 60. a6 Qxg3 61.
Qd8+ Kh7 62. Qd2 Qg4 63. a7 Re8 64. Qd3+ e4 65. Qd6 Qe6 66. Qc7+ Qf7 67. Qxc6 Qg7 68. Kb4 Qg8 69. Nf5 Ne6 70. Qd7+ Kg6 71. Ne7+ Rxe7 72.
Qxe7 Qc8 73. Bb6 e3 74. a8=Q Qxa8 75. Qxe6+ Kh5 76. Qh3+ Kg6 77. Qg4+ Kh7 78. Qf5+ Kg8 79. Qg6+ Kf8 80. Bc5# 1-0

[Event "*** Titled Tuesday 3|2 Blitz"]
[Site "Chess.com"]
[Date "2017.03.07"]
[Round "9"]
[White "workhard91"]
[Black "Generalas"]
[Result "0-1"]
[WhiteElo "2216"]
[BlackElo "2179"]
[TimeControl "180+2"]
[EndTime "15:11:18 PST"]
[Termination "Generalas won by resignation"]

1. e4 e5 2. Qh5 Nc6 3. Bc4 Qf6 4.
c3 Qg6 5. Qxg6 hxg6 6. b4 Nf6 7. d3 a5 8. b5 Nd8 9. a4 c6 10. f3 d5 11. Bb3 Ne6 12. Ne2 Bc5 13. Ba3 Bd7 14.
bxc6 bxc6 15. Bxc5 Nxc5 16. Bc2 Rb8 17. d4 Rb2 18.
Kd1 exd4 19. cxd4 Ne6 20. Nbc3 Ke7 21. e5 Nh5 22. g3 g5 23. Rg1 g6 24. Kc1 Rb4 25. Na2 Rc4 26. Kd2 Nxd4 27. Nxd4 Rxd4+ 28. Ke3 Rc4 29. Bb3 Rc5 30. Kd4 Rc4+ 31. Bxc4 dxc4 32.
Kxc4 Ng7 33. Rg2 Ke6 34. f4 Nf5 35. Kc3 gxf4 36. gxf4 Rh3+ 37. Kd2 c5 38. Nc3 Bc6 39. Rf2 Nd4 40. Rb1 Kf5 41. Rb6 c4 42. Nd1 Nb3+ 43. Kc2 Bxa4 44. Nb2 Nd4+ 45. Kb1 Bb3 46. Rf6+ Ke4 47.
Rxf7 c3 48. e6 Bxe6 49. Re7 cxb2 50. Rxb2 Rf3 51. Rb6 Rxf4 52. Rexe6+ Nxe6 53. Rxe6+ Kf5 54. Ra6 a4 55. Kc2 Rf2+ 56. Kd3 Rxh2 57. Rxa4 Rf2 58. Ke3 Rf1 59. Ke2 Rf4 60. Ra8 Kg4 61. Ke3 g5 62. Rg8 Rf7 63. Rh8 Kg3 64. Rg8 Re7+ 65. Kd2 g4 66. Rf8 Kg2 67. Rg8 g3 68. Rf8 Kg1 69.
Rg8 g2 70. Rg6 Re5 71. Rg7 Kf2 72. Rf7+ Kg3 73. Rg7+ Kf3 74. Kd3 Rd5+ 75. Kc4 Rd1 76. Rf7+ Ke4 77. Re7+ Kf5 0-1

[Event "*** Titled Tuesday 3|2 Blitz"]
[Site "Chess.com"]
[Date "2017.03.07"]
[Round "9"]
[White "GMMelik"]
[Black "popov_m"]
[Result "1-0"]
[WhiteElo "2455"]
[BlackElo "2416"]
[TimeControl "180+2"]
[EndTime "15:11:20 PST"]
[Termination "GMMelik won by resignation"]

1. e4 e6 2. d4 d5 3. Nc3 Bb4 4. e5 Ne7 5. a3 Bxc3+ 6. bxc3 c5 7. Qg4 Qc7 8. Qxg7 Rg8 9. Qxh7 cxd4 10.
Ne2 dxc3 11. f4 Nbc6 12. Qd3 d4 13. Ng3 Bd7 14. Be2 O-O-O 15. Rb1 Nd5 16. O-O Kb8 17. Ne4 Nce7 18. Qxd4 Bc6 19. Qf2 Nf5 20. Bf3 Ka8 21.
Kh1 Rh8 22. g3 Rdg8 23. Ng5 Qe7 24. Kg2 f6 25. exf6 Qxf6 26. h4 Qg6 27. Re1 Re8 28. Re5 Qf6 29. Rb3 Nh6 30. Qe2 Nf7 31. Rxe6 Nxg5 32. hxg5 Qxe6 33. Qxe6 Rxe6 34. f5 Re1 35. Bf4 Nxf4+ 36. gxf4 Bxf3+ 37. Kxf3 Rf1+ 38. Kg4 Rg1+ 39. Kf3 Rh3+ 40. Ke4 Re1+ 41. Kd5 Rf3 42. Rb4 a5 43. Rd4 Ref1 44. f6 Rxf4 45. Rxf4 Rxf4 46. Ke6 Re4+ 47. Kf5 Re2 48. g6 Rxc2 49. g7 Rf2+ 50. Ke6 Re2+ 51. Kd5 Rg2 52. f7 c2 53. g8=Q+ Ka7 54.
Qxg2 c1=Q 55. Qf2+ Ka6 56. f8=Q Qc6+ 57. Ke5 Qc3+ 58.
Ke4 Qc4+ 59. Qd4 Qe2+ 60. Kd5 Qg2+ 61. Qe4 Qg5+ 62. Qff5 Qd8+ 63. Kc4 Qc7+ 64. Qc5 Qf7+ 65. Qcd5 b5+ 66. Kd4 Qf2+ 67. Ke5 Qg3+ 68. Qf4 Qc3+ 69. Ke6 Qc8+ 70. Qd7 Qg8+ 71. Kd6 Qb8+ 72. Qc7 Qe8 73. Kd5 Qg8+ 74. Qff7 Qg2+ 75. Ke6 Qe4+ 76. Kd7 b4 77. Qc6+ 1-0

[Event "*** Titled Tuesday 3|2 Blitz"]
[Site "Chess.com"]
[Date "2017.03.07"]
[Round "9"]
[White "GMCanty"]
[Black "SergeiAza"]
[Result "0-1"]
[WhiteElo "2352"]
[BlackElo "2597"]
[TimeControl "180+2"]
[EndTime "15:11:20 PST"]
[Termination "SergeiAza won by resignation"]

1. e4 c5 2. c3 d5 3. exd5 Qxd5 4.
d4 Nc6 5. Nf3 Bf5 6. Be2 cxd4 7.
cxd4 Bxb1 8. Rxb1 Nf6 9. O-O e6 10. b4 Bd6 11. b5 Ne7 12. Ne5 Bxe5 13. dxe5 Qxe5 14. Ba3 Nfd5 15. Bb2 Nc3 16. Bf3 O-O 17. Qb3 Ned5 18. Bxd5 Ne2+ 19. Kh1 Qxd5 20. Qe3 Qxa2 21. Qxe2 Rac8 22. Ra1 Qb3 23. Ra3 Rc2 24. Rxb3 Rxe2 25. Bd4 Ra2 26. h4 h5 27. Rg3 f6 28.
Rc3 Ra4 29. Be3 Rxh4+ 30. Kg1 Rb4 31. Bc5 Rxb5 32. Bxf8 Kxf8 33. Rc7 Kg8 34. Rd1 Kh7 35. Rdd7 Rg5 36. Rxb7 a5 37. Ra7 h4 38. f4 Rg4 39. Rxa5 Rxf4 40. Raa7 Rg4 41. Kf2 Kh6 42. Kf3 Rg3+ 43. Kf2 e5 44. Rd8 Rg4 45. Rh8+ Kg6 46. Rg8 Kh7 47. Raa8 Rf4+ 48. Ke3 Rg4 49. Rh8+ Kg6 50. Ra2 Kf5 51. Rh5+ g5 52. Rh6 Rg3+ 53. Kf2 e4 54. Ra5+ Kg4 55. Rxf6 e3+ 56. Ke2 Rxg2+ 57.
Kxe3 h3 58. Rh6 h2 59. Ra4+ Kg3 60. Ra5 g4 61. Ra3 Rg1 62. Ke2+ Kg2 63. Ra2 h1=Q 64. Ke3+ Kg3 65. Rxh1 Rxh1 66. Re2 Rf1 67. Ke4 Rf4+ 68. Ke3 Rf8 69. Rb2 Re8+ 70. Kd3 Kf3 71. Rb1 Rd8+ 72. Kc3 g3 73. Rf1+ Ke2 74. Rg1 Kf2 75. Rh1 g2 76. Rh2 Kg3 77. Rxg2+ 0-1

[Event "*** Titled Tuesday 3|2 Blitz"]
[Site "Chess.com"]
[Date "2017.03.07"]
[Round "9"]
[White "Beca95"]
[Black "SwiftyMcBishop"]
[Result "1-0"]
[WhiteElo "2690"]
[BlackElo "2226"]
[TimeControl "180+2"]
[EndTime "15:11:31 PST"]
[Termination "Beca95 won by resignation"]

1. d4 d5 2. c4 dxc4 3. Nf3 Nf6 4.
e3 e6 5. Bxc4 a6 6. O-O c5 7.
Nc3 b5 8. Bb3 Bb7 9. e4 cxd4 10.
Nxd4 Nc6 11. Nxc6 Bxc6 12. Qe2 Be7 13. Rd1 Qb6 14. Be3 Qb7 15. f3 O-O 16. a4 b4 17.
Nb1 Rfd8 18. Nd2 Bd6 19. Nc4 Bc7 20. Qf2 Rxd1+ 21. Rxd1 Rd8 22. Rc1 Nd7 23. Rd1 Nf6 24. Rxd8+ Bxd8 25. Qd2 Nd7 26. Qd6 Bc7 27. Qe7 Qb8 28.
h3 a5 29. Qg5 Bd8 30. Qh5 g6 31. Qh6 Ne5 32. Bd4 Nxf3+ 33. gxf3 Qg3+ 34. Kf1 Qxf3+ 35. Ke1 Qxe4+ 36. Qe3 Bh4+ 37. Kd2 Bg5 38. Qxg5 Qxd4+ 39. Kc1 Bxa4 40. Qd2 Qc5 41. Bxa4 Qxc4+ 42. Qc2 Qf1+ 43. Qd1 Qxh3 44. Qd8+ Kg7 45. Qxa5 Qf1+ 46. Kc2 Qc4+ 47.
Kb1 Qf4 48. Ka2 h5 49. Bb3 h4 50. Qa8 h3 51. Qh1 h2 52. Qg2 g5 53. Bd1 e5 54. Bf3 f5 55. Bd5 e4 56. Qh3 Qh4 57.
Qxf5 h1=Q 58. Qf7+ Kh6 59. Qf6+ Kh7 60. Qf5+ Kg7 61.
Qf7+ Kh6 62. Qf8+ Kh5 63. Qf5 Qf4 64. Qh7+ Kg4 65. Qxh1 e3 66. Be6+ Kg3 67. Qg1+ Kh4 68.
Qg2 Qg3 69. Qh1+ 1-0